 Dungeon Crawl Stone Soup version 0.27-a0-1502-g47ed6a6988 (webtiles) character file.

Game seed: 7851162818387870965

23 Kold the Chopper (level 2, -2/24 HPs)
             Began as a Demonspawn Monk on July 9, 2021.
             Slain by an adder (4 damage)
             ... on level 2 of the Dungeon.
             The game lasted 00:01:15 (1075 turns).

Kold the Chopper (Demonspawn Monk)                  Turns: 1075, Time: 00:01:16

Health: -2/24      AC:  5    Str: 11    XL:     2   Next: 75%
Magic:  2/2        EV: 12    Int: 11    God:
Gold:   79         SH:  0    Dex: 15    Spells: 1/1 levels left

rFire    . . .     SeeInvis .   a - +0 hand axe
rCold    . . .     Faith    .   (no shield)
rNeg     . . .     Spirit   .   b - +0 robe
rPois    .         Reflect  .   (helmet restricted)
rElec    .         Harm     .   c - +2 cloak
rCorr    .         Rampage  .   (no gloves)
Will     .....                  (no boots)
Stlth    ++........             (no amulet)
HPRegen  0.08/turn              (no ring)
MPRegen  0.08/turn              (no ring)

@: no status effects
A: antennae 1
a: no special abilities


You were on level 2 of the Dungeon.
You visited 1 branch of the dungeon, and saw 2 of its levels.

You collected 79 gold pieces.

Inventory:

Hand Weapons
 a - a +0 hand axe (weapon)
Armour
 b - a +0 robe (worn)
 c - a +2 cloak (worn)


   Skills:
 - Level 3.0 Fighting
 - Level 3.1 Axes
 - Level 2.6 Dodging
 - Level 2.0 Stealth
 + Level 1.4 Unarmed Combat


You had one spell level left.
You didn't know any spells.
Your spell library was empty.

Dungeon Overview and Level Annotations

Branches:
Dungeon (2/15)

Altars:
Beogh


Innate Abilities, Weirdness & Mutations

You have a pair of small antennae on your head.


Message History

You hit the kobold but do no damage.
You feel sick. The adder bites you.
You are more poisoned.
The adder poisons you! The kobold closely misses you.
You hit the adder.
The adder is lightly wounded.
You hit the adder. You completely miss the kobold.
You feel sick. The adder completely misses you.
The adder bites you but does no damage. The kobold hits you but does no damage.
You barely miss the adder.
The adder is lightly wounded.
You hit the adder. You hit the kobold.
You kill the kobold!
You feel sick. The adder misses you. The adder bites you but does no damage.
The adder barely misses you. The adder closely misses you.
You closely miss the adder.
The adder is lightly wounded.
You barely miss the adder.
You feel sick. The adder completely misses you.
The adder bites you but does no damage.
You miss the adder.
The adder is lightly wounded.
You hit the adder.
You feel sick.
The adder bites you but does no damage. x2
The adder barely misses you. x2
You miss the adder.
The adder is lightly wounded.
You hit the adder.
You feel sick. The adder bites you but does no damage.
The adder closely misses you.
You hit the adder but do no damage.
The adder is lightly wounded.
You hit the adder but do no damage.
You feel sick.
You are no longer poisoned.
The adder bites you.
* * * LOW HITPOINT WARNING * * *
The adder bites you.
* * * LOW HITPOINT WARNING * * *
The adder barely misses you. The adder bites you.
* * * LOW HITPOINT WARNING * * *
You miss the adder.
The adder is almost dead.
You closely miss the adder. The adder bites you.
You die...

##.......# #.........
#........######.########
##.......†..........#
#.......##..##.###.#
#.......##..##.#
#...........##.#
####........##.#
#..>.....##S###..##
#..........@S....$.
##.....#....)......
#.#.###..#.###..#.
.....# #..#.# ...
.............. .
#.#####.###..#### # #.#
#..# #.# #..#


You could see 2 adders.

Vanquished Creatures
  A dart slug (D:1)
  4 bats
  An endoplasm (D:1)
  A giant cockroach (D:1)
  A hobgoblin (D:1)
  2 kobolds
  A quokka (D:1)
  2 frilled lizards
  3 goblins (D:1)
  4 rats
20 creatures vanquished.

Notes
Turn   | Place    | Note
-------+----------+-------------------------------------------
     0 | D:1      | Kold the Demonspawn Monk began the quest for the Orb.
     0 | D:1      | Reached XP level 1. HP: 18/18 MP: 1/1
   531 | D:1      | Gained mutation: You have a pair of small antennae on your
                  | head. [demonic ancestry]
   531 | D:1      | Reached XP level 2. HP: 24/24 MP: 2/2
   599 | D:1      | Found a faded altar of an unknown god.
   649 | D:1      | Reached skill level 1 in Unarmed Combat
  1075 | D:2      | Slain by an adder

Illustrated notes

Levels and vault maps discovered:
D:1:      kennysheep_arrival_seaside, layout_loops_ring,
          hellmonk_ecumenical_altar_defaced_shrine
D:2:      kennysheep_six_static_rooms, layout_loops_ring

Skill      XL: |  1  2 |
---------------+-------+-----
Stealth        | 2 |  2.0
Axes           | 3 |  3.1
Unarmed Combat | 1 |  1.4
Fighting       | |  3.0
Dodging        | |  2.6

Action                   || total
-------------------------++-------
Melee: Hand axe          ||    63
 Stab: Sleeping          ||     3
Armor: Robe              ||    21
Dodge: Dodged            ||    43

Table legend: (Time is in decaauts)
 A = Elapsed time spent in this place.
 B = Non-inter-level travel time spent in this place.
 C = Inter-level travel time spent in this place.
 D = Time resting spent in this place.
 E = Time spent auto-exploring this place.
 F = Levels seen in this place.
 G = Mean time per level.
                   A        B        C        D        E       F      G
               +--------+--------+--------+--------+--------+-----+--------+
         Total |   1088 |   1011 |     77 |     24 |    795 |   2 |  544.0 |
       Dungeon |   1088 |   1011 |     77 |     24 |    795 |   2 |  544.0 |
               +--------+--------+--------+--------+--------+-----+--------+

Top non-repeatable levels by time:
     D:1: 979 daAuts
     D:2: 108 daAuts
